 Dungeon Crawl Stone Soup version 0.30-a0-390-g80c34de65d (webtiles) character file.

Game seed: 5782402711061370758

240 SmokeWeed the Shooter (level 6, -1/52 HPs)
             Began as a Hill Orc Hunter on Dec 4, 2022.
             Killed by nerve-wracking pain
             ... invoked by Jessica
              (3 damage)
             ... on level 3 of the Dungeon.
             The game lasted 00:08:28 (3113 turns).

SmokeWeed the Shooter (Hill Orc Hunter)             Turns: 3113, Time: 00:08:29

Health: -1/52      AC:  9    Str: 14    XL:     6   Next: 8%
Magic:  6/6        EV:  6    Int:  9    God:
Gold:   109        SH:  0    Dex: 16    Spells: 3/5 levels left

rFire   . . .      SeeInvis .    d - +4 short sword
rCold   . . .      Faith    .    (no shield)
rNeg    . . .      Spirit   .    h - +0 chain mail
rPois   .          Reflect  .    (no helmet)
rElec   .          Harm     .    (no cloak)
rCorr   .          Rampage  .    (no gloves)
Will    .....                    g - +0 pair of boots
Stlth   ..........               (no amulet)
HPRegen 0.28/turn                (no ring)
MPRegen 0.10/turn                (no ring)

@: mighty, slowed, very slow
A: no striking features
a: no special abilities


You were on level 3 of the Dungeon.
You visited 1 branch of the dungeon, and saw 3 of its levels.

You collected 109 gold pieces.

Inventory:

Hand Weapons
 a - a +0 shortbow
 d - a +4 short sword (weapon)
Armour
 c - a +0 leather armour
 g - a +0 pair of boots (worn)
 h - a +0 chain mail (worn)
Scrolls
 b - 2 scrolls of immolation
 k - a scroll of identify
 m - a scroll of blinking
Potions
 e - 2 potions of lignification {unknown}
 f - a potion of magic {unknown}
 i - 3 potions of might
 j - a potion of attraction {unknown}
 l - a potion of curing {unknown}
 n - a potion of heal wounds {unknown}


   Skills:
 + Level 3.8 Fighting
 + Level 1.1 Short Blades
 + Level 5.4 Ranged Weapons
 + Level 2.1 Armour
 + Level 1.7 Dodging
 + Level 0.7 Stealth


You had 3 spell levels left.
You knew the following spells:

 Your Spells              Type           Power      Damage    Failure   Level
a - Freeze                Ice            0%         1d3       100%        1
b - Sting                 Tmut/Pois      0%         1d3       100%        1

Your spell library contained the following spells:

 Spells                   Type           Power      Damage    Failure   Level
 Ensorcelled Hibernation  Hex/Ice        0%         N/A       100%        2
 Passwall                 Tmut/Erth      0%         N/A       100%        2
 Poisonous Vapours        Pois/Air       0%         N/A       100%        2
 Frozen Ramparts          Ice            0%         1d1       100%        3
 Hailstorm                Conj/Ice       0%         3d3       100%        3
 Ozocubu's Armour         Ice            0%         N/A       100%        3
 Swiftness                Air            0%         N/A       100%        3
 Vhi's Electric Charge    Tloc/Air       0%         N/A       100%        3
 Animate Armour           Summ/Erth      0%         N/A       100%        4
 Olgreb's Toxic Radiance  Pois           0%         N/A       100%        4
 Arcjolt                  Conj/Air       0%         1d10      100%        5
 Blade Hands              Tmut           0%         N/A       100%        5
 Iron Shot                Conj/Erth      0%         9d1       100%        6
 Ozocubu's Refrigeration  Ice            0%         4d7       100%        7
 Maxwell's Capacitive Co  Air            0%         ∞         100%        8


Dungeon Overview and Level Annotations

Branches:
Dungeon (3/15)

Altars:
Okawaru
Sif Muna

Annotations:
D:3 Jessica


Message History

You are too injured to fight recklessly!
You are too injured to fight recklessly!
You are too injured to fight recklessly!
You are too injured to fight recklessly!
You are too injured to fight recklessly!
You are too injured to fight recklessly!
You are too injured to fight recklessly!
You are too injured to fight recklessly!
You are too injured to fight recklessly!
You are too injured to fight recklessly!
Jessica hits you with a +7 club.
* * * LOW HITPOINT WARNING * * *
Jessica hits you with a +7 club.
* * * LOW HITPOINT WARNING * * *
Jessica zaps a wand.
The roots erupt in riotous growth!
The grasping roots grab you!
Jessica is unaffected.
The grasping roots constrict you.
You hit Jessica.
Jessica is almost dead.
Jessica hits you with a +7 club.
* * * LOW HITPOINT WARNING * * *
The grasping roots constrict you.
* * * LOW HITPOINT WARNING * * *
Jessica gestures at you while chanting. Pain shoots through your body!
* * * LOW HITPOINT WARNING * * *
The grasping roots constrict you.
* * * LOW HITPOINT WARNING * * *
You feel very mighty all of a sudden.
Jessica mumbles some strange words.
Jessica blinks!
The grasping roots constrict you. x2
* * * LOW HITPOINT WARNING * * *
The grasping roots release their grip on you.
Jessica hits you with a +7 club.
* * * LOW HITPOINT WARNING * * *
Jessica casts a spell.
Jessica blinks!
Jessica casts a spell at you. Pain shoots through your body!
You die...

#.######.#.#
####...
)..........# ##<#
#.######.### #.#
#.#### #.# #.#
.....# #.# #.#
#.##.# #.# ## #.#
#.##.# #.# ..#
#.# ...#.#
#.#########...#
#.# ##.#.#
#..)....@@....#
#.. #.#.#
########.........
### #.#.#
#......... #
#.#.# #.........
# #.#.#
###....### # #
#.#.## ....# ##.
# #.#..# ....#
... # ##.##.#
.#.## ##.#.##
...##.# .[#...


You could see Jessica (fast).

Vanquished Creatures
  Natasha (thrice) (D:2)
  Robin (D:3)
  7 adders
  3 dart slugs
  An orc (D:3)
  8 bats
  4 endoplasms
  4 giant cockroaches
  16 goblins
  10 hobgoblins
  5 kobolds
  2 quokkas (D:1)
  11 ball pythons
  2 frilled lizards
  5 rats
82 creatures vanquished.

Notes
Turn   | Place    | Note
-------+----------+-------------------------------------------
     0 | D:1      | SmokeWeed the Hill Orc Hunter began the quest for the Orb.
     0 | D:1      | Reached XP level 1. HP: 18/18 MP: 1/1
    61 | D:1      | Reached XP level 2. HP: 8/25 MP: 2/2
    65 | D:1      | Reached skill level 4 in Ranged Weapons
   271 | D:1      | Found a faded altar of an unknown god.
   393 | D:1      | Reached XP level 3. HP: 19/30 MP: 3/3
   550 | D:1      | Learned a level 1 spell: Freeze
   650 | D:2      | Found an iron altar of Okawaru.
   714 | D:2      | Reached XP level 4. HP: 21/38 MP: 4/4
  1707 | D:2      | Noticed Natasha
  1722 | D:2      | Killed Natasha
  1723 | D:2      | Reached XP level 5. HP: 6/46 MP: 5/5
  2072 | D:2      | Noticed Natasha
  2080 | D:2      | Killed Natasha
  2081 | D:2      | Reached skill level 5 in Ranged Weapons
  2433 | D:2      | Noticed Natasha
  2449 | D:2      | Killed Natasha
  2450 | D:2      | Reached skill level 1 in Armour
  2618 | D:3      | Learned a level 1 spell: Sting
  2682 | D:3      | Found a shimmering blue altar of Sif Muna.
  2705 | D:3      | Noticed Robin
  2728 | D:3      | Reached skill level 1 in Short Blades
  2730 | D:3      | Reached XP level 6. HP: 37/52 MP: 6/6
  2738 | D:3      | Killed Robin
  3100 | D:3      | Noticed Jessica
  3112 | D:3      | HP: 1/52 [Jessica/+7 club (2)]
  3113 | D:3      | Killed from afar by Jessica

Illustrated notes

Levels and vault maps discovered:
D:1:      minmay_arrival_jagged, layout_rooms, ebering_ecumenical_altar_box,
          st_stairs_7, hex_tiny, minmay_cut_off
D:2:      layout_loops_cross, basic_altar, nrook_campfire, uniq_natasha
D:3:      layout_loops_ring, lemuel_coloured_pillars_altar,
          mainiacjoe_overflow_small_starburst, uniq_robin, uniq_jessica

Skill      XL: |  1  2  3  4  5 |
---------------+----------------+-----
Ranged Weapons | 4 5 |  5.4
Fighting       | 3 |  3.8
Armour         | 2 |  2.1
Short Blades   | 1 |  1.1
Dodging        | |  1.7
Stealth        | |  0.7

Action                   |  1- 3 |  4- 6 || total
-------------------------+-------+-------++-------
Melee: Short sword       |    18 |   120 ||   138
 Fire: Shortbow          |    97 |    29 ||   126
  Use: Scroll            |       |     6 ||     6
       Potion            |       |     1 ||     1
Armor: Leather armour    |    28 |       ||    28
       Chain mail        |    70 |    86 ||   156
Dodge: Dodged            |    55 |    41 ||    96

Table legend: (Time is in decaauts)
 A = Elapsed time spent in this place.
 B = Non-inter-level travel time spent in this place.
 C = Inter-level travel time spent in this place.
 D = Time resting spent in this place.
 E = Time spent auto-exploring this place.
 F = Levels seen in this place.
 G = Mean time per level.
                   A        B        C        D        E       F      G
               +--------+--------+--------+--------+--------+-----+--------+
         Total |   3213 |   3173 |     40 |    915 |   1652 |   3 | 1071.0 |
       Dungeon |   3213 |   3173 |     40 |    915 |   1652 |   3 | 1071.0 |
               +--------+--------+--------+--------+--------+-----+--------+

Top non-repeatable levels by time:
     D:2: 1894 daAuts
     D:1: 692 daAuts
     D:3: 627 daAuts
